 Dungeon Crawl Stone Soup version 0.30-a0-381-g6ea064c7b4 (webtiles) character file.

Game seed: 15701288473503884717

511 magipi the Covered (level 6, 0/82 HPs)
             Began as an Armataur Berserker on Dec 1, 2022.
             Was a Priest of Trog.
             Succumbed to an adder's poison
             ... in a sewer.
             The game lasted 00:11:38 (2836 turns).

magipi the Covered (Armataur Berserker)             Turns: 2836, Time: 00:11:39

Health: 0/82       AC:  7    Str: 22    XL:     6   Next: 99%
Magic:  0/6        EV:  8    Int:  8    God:    Trog [***...]
Gold:   123        SH:  0    Dex: 11    Spells: 5/5 levels left

rFire   . . .      SeeInvis .    b - +1 mace (vorpal)
rCold   . . .      Faith    .    (no shield)
rNeg    . . .      Spirit   +    t - +0 scale mail
rPois   .          Reflect  .    (no helmet)
rElec   .          Harm     .    (no cloak)
rCorr   .          Roll     +    (no gloves)
Will    .....                    (no barding)
Stlth   ..........               r - amulet of guardian spirit
HPRegen 0.33/turn                (no ring)
MPRegen 0.10/turn                (no ring)

@: berserking, lethally poisoned (0 -> -5), very quick
A: large, rugged brown scales 3, deformed body, armoured tail, roll, long
tongue, awkward tongue
a: Renounce Religion, Berserk, Trog's Hand


You were in a sewer.
You worshipped Trog.
Trog was most pleased with you.
You visited 1 branch of the dungeon, and saw 4 of its levels.
You also visited: Sewer.

You collected 123 gold pieces.

Inventory:

Hand Weapons
 a - a +0 lajatang
   (You found it on level 1 of the Dungeon)
 b - a +1 vorpal mace (weapon)
   (You found it on level 2 of the Dungeon)
 f - a +0 mace
Armour
 s - a +1 leather armour of fire resistance
   (You took it off Ijyb on level 3 of the Dungeon)
 t - a +0 scale mail (worn)
   (You found it on level 3 of the Dungeon)
Jewellery
 q - a ring of ice
   (You found it on level 2 of the Dungeon)
 r - an amulet of guardian spirit (around neck)
   (You took it off a hobgoblin on level 2 of the Dungeon)
Wands
 n - a wand of iceblast (15)
   (You took it off Ijyb on level 3 of the Dungeon)
Scrolls
 e - 2 scrolls of enchant armour
 g - a scroll of enchant weapon {unknown}
 i - a scroll of magic mapping
 k - a scroll of immolation {unknown}
 m - a scroll of brand weapon {unknown}
 x - a scroll of teleportation
Potions
 c - 5 potions of heal wounds
 d - 2 potions of brilliance
 h - a potion of berserk rage {unknown}
 l - a potion of might {unknown}
 o - 2 potions of curing {unknown}
 p - a potion of invisibility {unknown}
 u - a potion of flight
 v - a potion of attraction
 w - a potion of resistance


   Skills:
 + Level 4.2 Fighting
 + Level 3.7(4.0) Maces & Flails
 - Level 2.0(3.1) Staves
 + Level 4.8 Armour
 + Level 3.0 Dodging


You had 5 spell levels left.
You didn't know any spells.
Your spell library was empty.

Dungeon Overview and Level Annotations

Branches:
Dungeon (4/15)              Sewer (1/1)
 Temple: D:4-7

Altars:
Ashenzari
Ru

Annotations:
D:3 dig


Innate Abilities, Weirdness & Mutations

You are completely covered in rugged brown scales. (AC +3, +7% HP)
Armour fits poorly on your strangely shaped body.
You have a long armoured tail.
You roll when moving toward enemies. (Rampage)
Your long tongue fully drains potion bottles. (2x potion effects)
Your tongue gives you trouble enunciating. (1.5x scroll delay)


Message History

The ball python bites you but does no damage.
The ball python barely misses you.
You barely miss the ball python.
The ball python hisses angrily.
You hear an angry hiss.
A bullfrog comes into view.
The ball python bites you.
An adder comes into view.
You closely miss the ball python.
The bullfrog gives a loud, deep croak!
The adder hisses angrily.
The ball python bites you.
An adder comes into view.
An adder comes into view.
The adder hisses angrily.
You hit the adder.
The adder is severely wounded.
A bullfrog comes into view.
The adder bites you.
You are poisoned.
The adder poisons you!
The ball python bites you but does no damage.
The ball python closely misses you. The adder bites you but does no damage.
The bullfrog gives a loud, deep croak!
You sock the adder!
You kill the adder!
Trog accepts your kill.
You feel sick. The bullfrog hits you. The ball python barely misses you.
The ball python completely misses you. The adder bites you but does no damage.
Unknown command.
You closely miss the bullfrog.
You feel sick.
The bullfrog hits you but does no damage.
The ball python bites you but does no damage.
The bullfrog hits you! The adder bites you.
You are more poisoned.
The adder poisons you!
Unknown command.
You hit the bullfrog but do no damage. You tail-slap the bullfrog.
The bullfrog is lightly wounded.
You feel sick.
The bullfrog hits you but does no damage.
The adder barely misses you. The adder bites you but does no damage.
The ball python bites you but does no damage.
The adder bites you but does no damage.
The bullfrog hits you but does no damage.
The bullfrog barely misses you.
The adder bites you but does no damage. x2
Unknown command.
A red film seems to cover your vision as you go berserk!
You feel yourself moving faster!
You feel mighty!
You feel sick.
The bullfrog hits you but does no damage.
The ball python bites you. The adder barely misses you. The bullfrog hits you.
The adder completely misses you. The adder bites you. x2
The bullfrog hits you.
The ball python bites you but does no damage.
Unknown command.
You barely miss the adder.
You feel sick.
The bullfrog hits you but does no damage.
The adder bites you. The adder bites you but does no damage.
The bullfrog hits you.
Unknown command.
Unknown command.
You closely miss the adder.
Your tail-slap misses the adder.
You feel sick. The bullfrog misses you. The adder bites you but does no damage.
The ball python bites you but does no damage.
The bullfrog hits you. The adder bites you.
The adder bites you but does no damage.
The bullfrog hits you but does no damage.
Unknown command.
Unknown command.
Unknown command.
You closely miss the adder.
You feel sick. The adder bites you but does no damage.
The ball python bites you but does no damage.
The bullfrog hits you. The adder bites you but does no damage.
The bullfrog hits you.
* * * LOW HITPOINT WARNING * * *
The adder bites you.
* * * LOW HITPOINT WARNING * * *
The adder bites you.
* * * LOW HITPOINT WARNING * * *
You closely miss the adder.
Your tail-slap misses the adder.
The bullfrog hits you.
* * * LOW HITPOINT WARNING * * *
The ball python barely misses you. The bullfrog completely misses you.
The adder bites you.
* * * LOW HITPOINT WARNING * * *
The adder bites you.
* * * LOW HITPOINT WARNING * * *
You are more poisoned.
The adder poisons you! The adder bites you but does no damage.
You sock the adder!
You kill the adder!
Trog accepts your kill.
You feel sick. The bullfrog barely misses you. The bullfrog hits you.
* * * LOW HITPOINT WARNING * * *
The ball python barely misses you. The adder barely misses you.
The adder bites you but does no damage. The bullfrog hits you.
* * * LOW HITPOINT WARNING * * *
You sock the adder!
You kill the adder!
Trog accepts your kill.
You die...

#......#
#.....
#.~.~~.#
##~.~.
#≈~~#≈≈#
#≈~~~~
#~≈≈~≈≈#
#≈~~≈≈
#≈~~~~≈#
#≈~≈~≈
#≈≈~~~≈#
#≈~~≈≈
#≈S~~~≈#
#≈≈≈~~
#SFS~≈≈#
#≈≈~~≈
#≈@~≈≈≈#
#≈≈~~~
#~.F≈≈≈#
##~~~~
#~~≈≈≈≈#
#≈..(~
#~≈~~≈≈#
#≈~†~~
#≈~~≈~≈#
#~~††≈
#≈≈~~~≈#
#~≈~≈≈
#≈~≈~~≈#
#≈~~~~
#≈≈≈~~≈#
#≈~~~≈
#≈~~~≈≈#####
#≈~≈~~


You could see 2 bullfrogs, an adder and 2 ball pythons.

Vanquished Creatures
  Sigmund (D:3)
  Jessica (D:2)
  An orc wizard (D:3)
  Ijyb (D:3)
  6 river rats (Sewer)
  13 adders
  2 worms
  5 dart slugs (D:1)
  An orc (D:3)
  14 ball pythons
  4 endoplasms
  9 giant cockroaches
  7 goblins
  10 hobgoblins
  6 jackals
  4 kobolds
  3 quokkas (D:4)
  4 bats
  7 frilled lizards
  20 rats
119 creatures vanquished.

Notes
Turn   | Place    | Note
-------+----------+-------------------------------------------
     0 | D:1      | magipi the Armataur Berserker began the quest for the Orb.
     0 | D:1      | Reached XP level 1. HP: 19/19 MP: 1/1
   135 | D:1      | Reached XP level 2. HP: 26/26 MP: 2/2
   209 | D:1      | Found a faded altar of an unknown god.
   218 | D:1      | Reached skill level 1 in Staves
   363 | D:1      | Reached XP level 3. HP: 32/32 MP: 3/3
   737 | D:2      | Noticed Jessica
   749 | D:2      | Killed Jessica
   750 | D:2      | Reached XP level 4. HP: 40/40 MP: 4/4
   756 | D:2      | Reached ** piety under Trog
  1364 | D:3      | Noticed Sigmund
  1376 | D:3      | Killed Sigmund
  1377 | D:3      | Reached XP level 5. HP: 49/49 MP: 5/5
  1418 | D:3      | Noticed Ijyb
  1430 | D:3      | Killed Ijyb
  1431 | D:3      | Reached XP level 6. HP: 48/55 MP: 6/6
  1518 | D:3      | Found a broken altar of Ashenzari.
  1589 | D:3      | Found a sacrificial altar of Ru.
  2002 | D:3      | Noticed a steam dragon
  2002 | D:3      | Noticed a sky beast
  2433 | D:4      | Found a glowing drain.
  2439 | Sewer    | Entered a sewer
  2472 | Sewer    | Reached *** piety under Trog
  2835 | Sewer    | HP: 4/82 [bullfrog (6)]
  2835 | Sewer    | HP: 1/82 [bullfrog (3)]
  2836 | Sewer    | Succumbed to an adder's poison

Illustrated notes

Levels and vault maps discovered:
D:1:      minmay_arrival_four_loops, layout_rooms,
          hellmonk_ecumenical_altar_dog_temple, minmay_pentomino_w2
D:2:      layout_loops_cross, uniq_jessica
D:3:      layout_loops_ring, nicolae_ru_great_annihilating_truth,
          mainiacjoe_overflow_catwalk, minmay_misc_feat_five,
          lightli_corner_chamber, uniq_sigmund, uniq_ijyb
D:4:      layout_loops_ring, gup_sewer_entry_bubbles, uniq_eustachio
Sewer:    sewer_minmay_w

Skill      XL: |  1  2  3  4  5  6 |
---------------+-------------------+-----
Staves         | 1 2 |  2.0
Fighting       | 3 4 |  4.2
Armour         | 3 4 |  4.8
Dodging        | 2 3 |  3.0
Maces & Flails | 3 |  3.7

Action                   |  1- 3 |  4- 6 || total
-------------------------+-------+-------++-------
Melee: Lajatang          |    82 |    22 ||   104
       Tailslap          |     5 |    19 ||    24
       Mace              |       |   212 ||   212
       Punch             |       |     1 ||     1
Invok: Berserk           |       |     3 ||     3
       Trog's Hand       |       |     1 ||     1
  Use: Scroll            |       |    10 ||    10
 Stab: Distracted        |     1 |       ||     1
       Paralysed         |       |     1 ||     1
Armor: Animal skin       |    31 |    19 ||    50
       Scale mail        |       |   121 ||   121
       Leather armour    |       |     9 ||     9
Dodge: Dodged            |    54 |   140 ||   194

Table legend: (Time is in decaauts)
 A = Elapsed time spent in this place.
 B = Non-inter-level travel time spent in this place.
 C = Inter-level travel time spent in this place.
 D = Time resting spent in this place.
 E = Time spent auto-exploring this place.
 F = Levels seen in this place.
 G = Mean time per level.
                   A        B        C        D        E       F      G
               +--------+--------+--------+--------+--------+-----+--------+
         Total |   2989 |   2869 |    120 |    274 |   1073 |   5 |  597.8 |
       Dungeon |   2519 |   2399 |    120 |    158 |   1073 |   4 |  629.8 |
         Sewer |    469 |    469 |      0 |    116 |      0 |   1 |  469.0 |
               +--------+--------+--------+--------+--------+-----+--------+

Top non-repeatable levels by time:
     D:3: 923 daAuts
     D:2: 754 daAuts
     D:1: 690 daAuts
   Sewer: 469 daAuts
     D:4: 150 daAuts
